Map: Pendiente de Agustín EE

Players

FJAMBER - Winner!

  • Race: Protoss Protoss
  • League: Platinum
  • Spawn Location: 5:00

CrlsTcz - Winner!

  • Race: Protoss Protoss
  • League: Silver
  • Spawn Location: 6:00

Harry - Winner!

  • Race: Terran Terran
  • Spawn Location: 6:00

MrFercho

  • Race: Terran Terran
  • League: Silver
  • Spawn Location: 12:00

TATORREA

  • Race: Protoss Protoss
  • League: Silver
  • Spawn Location: 11:00

tigro

  • Race: Terran Terran
  • League: Bronze
  • Spawn Location: 12:00

VOD

Have the link to the VOD?

Description

Time

  • Played on: June 1, 2020, 10:22 p.m.
  • Length: 11:41
Show
View Real Time Build Order
Export as new Build Order

FJAMBER Protoss - Winner!

Build Orders: Nexus First 

Get SALT Encoding   

  12  0:02  Probe (Chrono Boost)  
  13  0:12  Probe (Chrono Boost)  
  14  0:18  Probe  
  15  0:25  Pylon  
  15  0:30  Assimilator  
  15  0:43  Probe  
  16  1:02  Nexus  
  16  1:07  Probe (Chrono Boost)  
  17  1:18  Probe (Chrono Boost)  
  18  1:22  Gateway  
  18  1:31  Assimilator  
  18  1:44  Probe  
  19  1:56  Probe  
  20  2:08  Probe  
  21  2:19  Pylon  
  21  2:25  Cybernetics Core  
  21  2:34  Probe (Chrono Boost)  
  21  2:35  Probe (Chrono Boost)  
  24  2:45  Probe (Chrono Boost)  
  24  2:48  Probe (Chrono Boost)  
  24  2:49  Probe (Chrono Boost)  
  26  3:02  Stargate  
  26  3:08  Stargate  
  25  3:17  Assimilator  
  25  3:22  Probe (Chrono Boost)  
  25  3:23  Assimilator  
  27  3:27  Probe (Chrono Boost)  
  27  3:32  Probe (Chrono Boost)  
  28  3:34  Robotics Facility  
  28  3:36  Probe (Chrono Boost)  
  29  3:46  Probe x2 (Chrono Boost)  
  31  3:53  Protoss Air Armor Level 1  
  31  3:58  Probe (Chrono Boost)  
  31  4:02  Probe (Chrono Boost)  
  33  4:10  Void Ray  
  33  4:14  Void Ray  
  41  4:24  Observer  
  42  4:37  Cybernetics Core  
  42  4:42  Pylon, Forge  
  42  4:50  Pylon  
  42  4:51  Pylon  
  42  4:55  Pylon  
  42  4:58  Pylon, Observer  
  43  5:00  Void Ray  
  43  5:05  Void Ray  
  51  5:19  Observer  
  52  5:30  Stargate  
  52  5:33  Stargate  
  52  5:40  Nexus  
  52  6:17  Photon Cannon  
  52  6:22  Photon Cannon  
  52  7:13  Void Ray x2  
  60  7:56  Void Ray x2  
  64  8:39  Void Ray x2  
  63  8:55  Void Ray x2  
  71  9:02  Protoss Shields Level 1  
  67  9:14  Protoss Air Weapons Level 1  
  67  9:16  Pylon  
  67  9:22  Void Ray x2  
  71  9:37  Void Ray  
  71  9:38  Void Ray  
  75  9:49  Fleet Beacon  
  75  9:52  Twilight Council  
  75  9:59  Assimilator  
  75  10:02  Assimilator  
  75  10:06  Photon Cannon  
  75  10:10  Photon Cannon  
  75  10:16  Probe (Chrono Boost)  
  75  10:17  Probe (Chrono Boost)  
  75  10:19  Probe (Chrono Boost)  
  78  10:26  Observer  
  78  10:27  Probe x2 (Chrono Boost)  
Show
View Real Time Build Order
Export as new Build Order

CrlsTcz Protoss - Winner!

Build Orders:  

Get SALT Encoding   

  12  0:03  Probe (Chrono Boost)  
  14  0:15  Probe (Chrono Boost)  
  14  0:18  Pylon  
  14  0:24  Probe  
  15  0:36  Probe  
  15  0:41  Gateway  
  16  0:50  Assimilator  
  16  0:51  Probe  
  17  1:04  Probe  
  18  1:21  Probe  
  18  1:22  Gateway  
  19  1:51  Cybernetics Core  
  19  1:53  Probe (Chrono Boost)  
  20  2:02  Assimilator  
  20  2:06  Probe (Chrono Boost)  
  21  2:10  Zealot  
  23  2:26  Warp Gate (Chrono Boost)  
  23  2:40  Pylon  
  23  2:58  Probe  
  24  3:00  Robotics Facility  
  23  3:10  Probe  
  24  3:27  Robotics Facility  
  24  3:31  Stargate  
  24  3:42  Gateway  
  24  3:54  Probe  
  24  3:55  Nexus  
  25  4:15  Oracle  
  28  4:28  Probe  
  29  4:40  Probe  
  30  4:47  Pylon  
  30  4:52  Probe, Pylon  
  31  5:02  Shield Battery  
  31  5:05  Shield Battery  
  31  5:06  Immortal x2  
  39  5:11  Shield Battery  
  39  5:25  Probe x2  
  41  5:34  Assimilator  
  41  5:36  Stalker x2  
  41  5:37  Probe, Stalker  
  41  5:38  Assimilator  
  48  5:49  Pylon  
  48  5:52  Pylon  
  48  5:54  Pylon  
  48  6:06  Oracle  
  51  6:15  Immortal  
  51  6:16  Immortal  
  59  7:07  Oracle  
  59  7:44  Oracle  
  62  8:04  Forge  
  62  8:08  Probe x2  
  62  8:09  Gateway  
  62  8:10  Gateway  
  61  8:20  Probe x2  
  63  8:34  Robotics Bay  
  59  9:15  Protoss Ground Weapons Level 1  
  59  9:22  Immortal  
  59  9:23  Immortal  
  67  9:27  Stalker  
  69  10:00  Colossus  
  69  10:01  Colossus  
  75  10:29  Stalker x3  
  75  10:30  Stalker x2  
  85  10:43  Probe  
  86  10:51  Pylon  
  86  10:53  Pylon  
  86  10:55  Pylon  
  86  10:59  Pylon  
  86  11:03  Pylon  
  86  11:06  Probe x2  
  86  11:18  Probe  
Show
View Real Time Build Order
Export as new Build Order

Harry Terran - Winner!

Build Orders:  

Get SALT Encoding   

  12  0:22  Supply Depot  
  12  0:23  SCV  
  13  0:35  SCV  
  14  0:47  SCV  
  15  0:50  Barracks  
  15  0:55  Refinery  
  15  0:59  SCV  
  16  1:13  SCV  
  17  1:38  Supply Depot  
  17  1:39  Orbital Command  
  17  1:48  Refinery  
  17  1:54  Reaper  
  18  2:04  SCV  
  19  2:17  SCV  
  19  2:21  Barracks  
  20  2:29  SCV  
  21  2:31  Reaper  
  22  2:41  SCV  
  22  2:43  Factory  
  23  2:53  SCV  
  24  3:10  Barracks Reactor  
  24  3:13  Barracks Tech Lab  
  24  3:15  SCV  
  25  3:37  Factory Tech Lab  
  25  3:41  Starport  
  25  3:43  Marine  
  25  3:45  Stimpack  
  26  3:52  Marine x2  
  28  4:00  Marine  
  29  4:10  Marine  
  30  4:18  Marine  
  31  4:33  Medivac, Siege Tank  
  36  4:42  Supply Depot  
  36  4:56  Marine  
  36  4:57  Marine  
  38  5:03  Medivac  
  38  5:05  Supply Depot  
  38  5:33  Viking  
  40  5:41  Siege Tank  
  43  5:47  Marine x2  
  45  5:50  Marauder  
  47  6:04  Marine  
  47  6:05  Marine  
  44  6:12  Marauder  
  44  6:22  Marine x2  
  46  6:28  Siege Tank  
  46  6:31  Liberator  
  52  6:33  Marauder  
  54  6:40  Marine x2  
  56  6:54  Marauder  
  56  6:58  Marine x2  
  60  7:16  Marauder, Marine  
  60  7:19  Engineering Bay  
  63  7:46  Engineering Bay  
  63  8:10  Command Center  
  63  8:26  Marine x2  
  49  8:44  Marine x2  
  49  8:48  Siege Tank  
  50  9:02  Marine x2  
  49  9:20  Marine x2, Siege Tank  
  54  9:29  Terran Infantry Weapons Level 1  
  54  9:30  Terran Infantry Armor Level 1  
  54  9:38  Marine x2  
  56  9:52  Siege Tank  
  59  9:55  Marine x2  
  61  10:13  Marine x2  
  63  10:20  Medivac  
  65  10:24  Siege Tank  
  68  10:28  SCV  
  69  10:40  SCV  
  70  10:47  Marine  
  70  10:48  Marine  
  72  10:52  Marauder  
  72  10:53  SCV  
  72  10:56  Siege Tank  
Show
View Real Time Build Order
Export as new Build Order

MrFercho Terran 

Build Orders: Command Center First (CC) 

Get SALT Encoding   

  12  0:01  SCV  
  13  0:13  SCV  
  14  0:29  SCV  
  14  0:34  Supply Depot  
  15  0:56  Command Center  
  15  1:02  SCV  
  16  1:09  Refinery  
  16  1:14  SCV  
  17  1:36  SCV  
  18  1:47  Barracks  
  18  2:02  Supply Depot  
  18  2:04  Supply Depot  
  18  2:09  SCV  
  18  2:10  Supply Depot  
  18  2:12  Supply Depot  
  19  2:21  SCV, Refinery  
  20  2:28  SCV  
  21  2:33  SCV  
  22  2:40  SCV  
  23  3:13  Orbital Command x2  
  23  3:22  Barracks Reactor  
  23  3:24  Factory  
  23  3:30  Supply Depot  
  23  3:45  Orbital Command  
  23  3:58  Marine  
  23  3:59  Marine  
  25  4:16  Marine x2  
  27  4:33  Factory Tech Lab  
  27  4:34  Marine x2  
  29  4:39  Starport  
  29  4:45  Starport  
  29  4:49  Starport  
  29  4:52  Marine x2  
  31  4:56  Widow Mine  
  33  5:17  Widow Mine  
  33  5:20  Engineering Bay  
  35  5:32  Armory  
  35  5:36  SCV  
  35  5:39  Widow Mine  
  38  5:48  SCV  
  38  5:49  Command Center  
  39  6:00  SCV, Widow Mine  
  42  6:09  Missile Turret  
  42  6:11  Starport Reactor x2, Starport Tech Lab  
  42  6:12  SCV  
  43  6:21  Armory, Widow Mine  
  43  6:24  SCV  
  46  6:31  Drilling Claws  
  46  6:35  Terran Ship Weapons Level 1  
  46  6:44  Viking  
  48  6:51  Viking  
  48  6:52  Viking  
  52  6:58  Missile Turret  
  52  6:59  Missile Turret  
  52  7:00  Missile Turret  
  52  7:02  Missile Turret  
  52  7:05  Orbital Command  
  52  7:10  Missile Turret  
  52  7:53  Viking x2  
  52  7:54  Viking x3  
  62  8:01  SCV, Refinery  
  62  8:04  Refinery  
  63  8:14  SCV  
  64  8:26  SCV  
  65  8:38  SCV  
  60  8:50  SCV  
  61  9:14  Viking x5  
  71  9:44  Viking x2  
  75  10:54  Viking  
  75  10:55  Viking x4  
Show
View Real Time Build Order
Export as new Build Order

TATORREA Protoss 

Build Orders:  

Get SALT Encoding   

  12  0:01  Probe  
  13  0:16  Probe  
  14  0:44  Probe  
  15  1:12  Pylon  
  15  1:22  Nexus  
  15  1:30  Probe  
  16  1:33  Assimilator  
  16  1:42  Probe  
  17  1:54  Probe  
  18  2:07  Probe  
  19  2:19  Probe  
  20  2:31  Probe  
  20  2:35  Probe  
  22  2:37  Gateway  
  22  2:39  Gateway  
  22  2:42  Gateway  
  22  2:43  Probe  
  23  2:44  Gateway  
  23  2:47  Probe  
  24  2:55  Probe  
  24  2:58  Assimilator  
  25  2:59  Probe  
  25  3:11  Probe  
  26  3:14  Probe  
  27  3:23  Probe  
  28  3:31  Probe  
  29  3:35  Probe  
  30  3:43  Probe  
  30  3:48  Cybernetics Core  
  31  3:49  Probe  
  31  3:50  Pylon  
  31  3:53  Pylon  
  32  3:55  Probe  
  32  3:59  Pylon  
  32  4:01  Probe  
  34  4:03  Pylon  
  34  4:10  Probe  
  34  4:13  Probe  
  35  4:19  Zealot x4 (Chrono Boost)  
  43  4:24  Warp Gate (Chrono Boost)  
  43  4:32  Probe x2  
  43  4:37  Zealot (Chrono Boost)  
  47  4:46  Pylon  
  47  4:49  Twilight Council  
  47  4:51  Forge  
  47  4:54  Robotics Facility  
  47  4:56  Stargate  
  47  4:58  Stargate  
  47  5:03  Probe x2  
  47  5:05  Assimilator  
  49  5:08  Assimilator  
  49  5:15  Probe x2, Stalker x3  
  49  5:20  Stalker  
  59  5:26  Protoss Ground Weapons Level 1  
  59  5:27  Probe x2  
  61  5:39  Probe x2  
  63  5:45  Warp Prism  
  65  5:50  Charge  
  65  6:01  Oracle  
  68  6:21  Observer  
  69  6:31  Stalker x2  
  69  6:32  Stalker x2  
  51  7:13  Stalker  
  51  7:14  Stalker x3  
  59  7:18  Phoenix x2  
  63  7:24  Probe x2  
  65  7:36  Probe x2  
  65  7:48  Probe x2  
  67  8:00  Probe x2  
  69  8:12  Probe x2  
  33  9:31  Probe x2  
  35  9:43  Probe x2  
  26  9:55  Probe x2, Stalker  
  26  9:56  Stalker  
  18  10:08  Probe x2  
Show
View Real Time Build Order
Export as new Build Order

tigro Terran 

Build Orders:  

Get SALT Encoding   

  12  0:04  SCV  
  13  0:21  Supply Depot  
  13  0:23  SCV  
  14  0:31  Refinery  
  14  0:36  SCV  
  15  0:57  SCV, Barracks  
  16  1:06  Refinery  
  16  1:09  SCV  
  17  1:18  Supply Depot  
  17  1:21  SCV  
  18  1:33  SCV  
  19  1:45  SCV, Marine  
  21  1:57  SCV  
  22  2:03  Marine  
  23  2:12  Barracks  
  24  2:15  SCV  
  24  2:21  Marine  
  25  2:27  SCV  
  25  2:28  Engineering Bay  
  26  2:39  SCV, Marine  
  28  2:57  Marine  
  29  3:02  Factory  
  29  3:19  Barracks Tech Lab  
  29  3:20  Barracks Tech Lab  
  29  3:22  Orbital Command  
  29  3:42  Combat Shield  
  29  3:45  Stimpack  
  29  3:48  Command Center  
  29  4:07  Marine x2  
  30  4:25  Marine x2  
  32  4:35  Factory Tech Lab  
  32  4:43  Marine  
  33  4:47  Starport  
  33  4:52  Marine  
  34  4:57  Terran Infantry Weapons Level 1  
  34  5:02  Siege Tank  
  37  5:08  Planetary Fortress  
  37  5:14  Refinery  
  37  5:30  Armory  
  37  5:36  Medivac  
  39  5:48  SCV  
  40  6:01  SCV  
  31  6:13  SCV, Marine x2  
  31  6:17  Starport Tech Lab  
  31  6:25  SCV  
  32  6:31  Marine x2  
  34  6:33  Refinery, Siege Tank  
  34  6:37  SCV  
  32  6:42  Viking  
  24  6:49  Marine x2  
  24  6:51  Terran Infantry Armor Level 1  
  26  7:00  SCV  
  27  7:06  Marine  
  27  7:07  Marine  
  23  7:24  Marine x2  
  20  7:47  Missile Turret x2  
  18  8:18  Marine x2  
  13  8:36  Marine x2  
  15  8:45  Neosteel Armor  
  15  8:53  Marine  
  15  8:54  Marine  
  12  9:54  Command Center  
  12  10:00  Marine  
  12  10:01  Marine  
  14  10:18  Marine x2  
  16  10:25  Hi-Sec Auto Tracking  
  16  10:36  Marine x2  
  17  10:54  Marine x2  
  16  11:12  Marine x2  
Tags
 
Add a new tag
Caveats
  • Supply blocks, unpowered buildings, or Contaminate may cause inaccurate times.
  • Supply counts are checked every 10 seconds.